 Dungeon Crawl Stone Soup version 0.29-a0-997-gf6f7e2dfe7 (webtiles) character file.

Game seed: 14651039959806383774

7780 leavemydog the Severer (level 11, -6/103 HPs)
             Began as a Hill Orc Fighter on Aug 4, 2022.
             Was a Believer of Kikubaaqudgha.
             Mangled by a boulder beetle (20 damage)
             ... on level 11 of the Dungeon.
             The game lasted 00:19:02 (12661 turns).

leavemydog the Severer (Hill Orc Fighter)          Turns: 12661, Time: 00:19:02

Health: -6/103     AC: 14    Str: 22    XL:     11   Next: 20%
Magic:  16/16      EV:  7    Int: 10    God:    Kikubaaqudgha [**....]
Gold:   388        SH:  5    Dex: 10    Spells: 16/16 levels left

rFire   . . .      SeeInvis .   a - +2 war axe
rCold   . . .      Faith    .   c - +0 buckler
rNeg    . . .      Spirit   .   f - +2 chain mail {Will+}
rPois   +          Reflect  .   (no helmet)
rElec   .          Harm     .   (no cloak)
rCorr   .          Rampage  .   K - +0 pair of gloves
Will    +....                   (no boots)
Stlth   ..........              (no amulet)
HPRegen 0.27/turn               D - ring of poison resistance
MPRegen 0.15/turn               (no ring)

@: no status effects
A: robust 1
a: Renounce Religion, Unearth Wretches


You were on level 11 of the Dungeon.
You worshipped Kikubaaqudgha.
Kikubaaqudgha was pleased with you.
You visited 2 branches of the dungeon, and saw 12 of its levels.

You collected 484 gold pieces.
You spent 96 gold pieces at shops.

Inventory:

Hand Weapons
 a - a +2 war axe (weapon)
 C - a +2 dire flail of freezing
Missiles
 o - 2 boomerangs of dispersal (quivered)
 w - 9 poisoned darts
Armour
 c - a +0 buckler (worn)
 f - a +2 chain mail of willpower (worn)
 z - the +1 ring mail of Generosity {-Tele +Inv rC+ rCorr}
   (You found it on level 6 of the Dungeon)

   rC:        It protects you from cold.
   +Inv:      It lets you turn invisible.
   -Tele:     It prevents most forms of teleportation.
   rCorr:     It protects you from acid and corrosion.
 K - a +0 pair of gloves (worn)
Jewellery
 r - a ring of ice
 v - a ring of fire
 B - an amulet of magic regeneration
 D - a ring of poison resistance (left hand)
 J - a +6 ring of intelligence
Wands
 x - a wand of roots (2)
 A - a wand of flame (41)
 G - a wand of paralysis (15)
Scrolls
 e - 3 scrolls of teleportation
 i - 5 scrolls of fog
 j - a scroll of immolation {unknown}
 l - 3 scrolls of blinking
 q - 3 scrolls of magic mapping
 s - a scroll of brand weapon {unknown}
 t - 2 scrolls of vulnerability
 u - 3 scrolls of enchant armour
 y - 4 scrolls of fear
 H - 2 scrolls of amnesia {unknown}
 I - a scroll of identify
 L - a scroll of summoning {unknown}
 M - a scroll of noise {unknown}
Potions
 b - 2 potions of attraction
 d - 3 potions of might
 g - 5 potions of flight
 h - 6 potions of curing
 k - 2 potions of ambrosia
 m - 3 potions of invisibility
 n - a potion of mutation
 p - a potion of brilliance {unknown}
 E - a potion of cancellation {unknown}
 F - a potion of haste {unknown}
 N - a potion of lignification {unknown}


   Skills:
 + Level 8.1 Fighting
 * Level 15.6 Axes
 + Level 8.3 Armour
 + Level 5.3 Shields
 * Level 3.3 Spellcasting
 * Level 4.3 Necromancy


You had 16 spell levels left.
You didn't know any spells.
Your spell library contained the following spells:

 Spells                   Type           Power      Damage    Failure   Level
 Necrotise                Necr           40%        1d6       36%         1
 Sublimation of Blood     Necr           10%        N/A       52%         2
 Apportation              Tloc           2%         N/A       93%         1
 Sandblast                Erth           2%         2d4       93%         1
 Summon Small Mammal      Summ           4%         N/A       93%         1
 Passwall                 Tmut/Erth      0%         N/A       98%         2
 Animate Dead             Necr           10%        N/A       98%         4
 Stone Arrow              Conj/Erth      2%         3d7       100%        3
 Anguish                  Hex/Necr       3%         N/A       100%        4
 Conjure Ball Lightning   Conj/Air       0%         3x3d6     100%        6
 Discord                  Hex            0%         N/A       100%        8
 Disjunction              Tloc           0%         N/A       100%        8


Dungeon Overview and Level Annotations

Branches:
Dungeon (11/15)            Temple (1/1) D:5            Lair (0/5) D:8
    Orc: D:9-12

Altars:
Ashenzari
Cheibriados
Dithmenos
Elyvilon
Fedhas
Gozag
Hepliaklqana
Kikubaaqudgha
Makhleb
Nemelex Xobeh
Okawaru
Qazlal
Ru
Sif Muna
Trog
Uskayaw
Vehumet
Wu Jian
Xom
Yredelemnul
Zin
The Shining One

Shops:
D:2 !*((

Annotations:
D:5 Duvessa
D:10 6 transporters


Innate Abilities, Weirdness & Mutations

You are robust. (+10% HP)


Message History

Press: ? - help, Shift-Dir - straight line, f/p - boulder beetle
Aim: a boulder beetle (almost dead, rolling, 100% to hit)
The puff of flame hits the boulder beetle but does no damage.
The boulder beetle is almost dead.
Aiming: Throw Flame
Press: ? - help, Shift-Dir - straight line, f/p - boulder beetle
Aim: a boulder beetle (almost dead, rolling, 100% to hit)
The puff of flame hits the boulder beetle but does no damage.
The boulder beetle is almost dead.
You hit the boulder beetle.
The boulder beetle is almost dead.
You block the boulder beetle's attack.
The boulder beetle stops rolling and uncurls.
You hit the boulder beetle.
The boulder beetle is almost dead.
The boulder beetle leaps!
Aiming: Throw Flame
Press: ? - help, Shift-Dir - straight line, f/p - boulder beetle
Aim: a boulder beetle (almost dead, 100% to hit)
The puff of flame hits the boulder beetle but does no damage.
The boulder beetle is almost dead.
You hit the boulder beetle but do no damage.
The boulder beetle is almost dead.
The boulder beetle barely misses you.
You barely miss the boulder beetle.
The boulder beetle is almost dead.
You hit the boulder beetle.
The boulder beetle is almost dead.
The boulder beetle barely misses you.
You hit the boulder beetle but do no damage.
The boulder beetle is almost dead.
The boulder beetle bites you!
* * * LOW HITPOINT WARNING * * *
Okay, then.
You don't know any spells.
Are you sure you want to abandon this character and quit the game? (Confirm with "yes".)
Okay, then.
You feel better. The boulder beetle bites you!!
You die...
Kikubaaqudgha rasps: "You have failed me!
Welcome... death!"

### ..#
#############.#
#...........#.#
#.#########.#.#
#(#......<#.#.#
#.#.#####.#.#B#
#.#.#######.#@#
#.#.........#.#
#.###########.#
#.............#
#############.#
###


You could see a boulder beetle.

Vanquished Creatures
  A two-headed ogre (D:9)
  A cyclops (D:7)
  Maggie (D:10)
  A komodo dragon (D:8)
  A troll (D:10)
  A hornet (D:9)
  A wraith (D:10)
  3 wyverns
  8 yaks (D:9)
  A steam dragon (D:7)
  2 acid dragons (D:10)
  2 water moccasins
  4 sky beasts
  2 ice beasts (D:7)
  A black bear (D:6)
  A phantom (D:4)
  2 ogres
  4 centaurs
  2 kobold brigands
  2 necrophages (D:5)
  2 scorpions
  2 gnoll sergeants
  2 bullfrogs
  Dowan (D:5)
  7 wights
  4 killer bees (D:10)
  A howler monkey (D:5)
  2 hounds (D:6)
  A gnoll bouda (D:8)
  4 jellies
  6 orc priests
  2 iguanas
  13 orc wizards
  20 gnolls
  6 adders
  A shadow imp (D:7)
  3 white imps (D:7)
  An ufetubus (D:5)
  4 dart slugs
  31 orcs
  10 endoplasms
  3 giant cockroaches
  6 goblins
  8 hobgoblins
  12 jackals
  5 quokkas
  3 ball pythons
  7 bats
  7 frilled lizards
  9 kobolds
  4 rats
228 creatures vanquished.

Vanquished Creatures (others)
  3 fungi (D:3)
  7 plants
10 creatures vanquished.

Grand Total: 238 creatures vanquished

Notes
Turn   | Place    | Note
-------+----------+-------------------------------------------
     0 | D:1      | leavemydog the Hill Orc Fighter began the quest for the
                  | Orb.
     0 | D:1      | Reached XP level 1. HP: 19/19 MP: 1/1
    91 | D:1      | Reached skill level 3 in Axes
    91 | D:1      | Reached XP level 2. HP: 15/27 MP: 2/2
   579 | D:1      | Reached XP level 3. HP: 33/33 MP: 3/3
   745 | D:1      | Reached skill level 4 in Axes
  1082 | D:2      | Found Ciwuimn's Armour Emporium.
  1106 | D:2      | Found Bacroefi's Antique Weapon Shop.
  1183 | D:2      | Found Isurghu's General Store.
  1193 | D:2      | Bought a potion of curing for 42 gold pieces
  1193 | D:2      | Bought a potion of curing for 42 gold pieces
  1275 | D:2      | Found Xeschyqo's Antique Weapon Boutique.
  1534 | D:2      | Reached XP level 4. HP: 40/40 MP: 4/4
  1649 | D:2      | Found Olunk's Distillery.
  1657 | D:2      | Bought a potion of degeneration for 12 gold pieces
  1965 | D:3      | Reached skill level 5 in Axes
  2149 | D:3      | Found a faded altar of an unknown god.
  2281 | D:3      | Found a sacrificial altar of Ru.
  2288 | D:3      | Reached XP level 5. HP: 43/46 MP: 5/5
  2683 | D:4      | Noticed a phantom
  2690 | D:4      | Killed a phantom
  2691 | D:4      | Reached skill level 6 in Axes
  2779 | D:4      | Reached XP level 6. HP: 53/53 MP: 6/6
  2817 | D:4      | Reached skill level 7 in Axes
  2833 | D:4      | HP: 2/53 [orc priest/divine providence (12)]
  3437 | D:4      | Gained mutation: You are robust. (+10% HP) [potion of
                  | mutation]
  3437 | D:4      | Gained mutation: You are very robust. (+20% HP) [potion of
                  | mutation]
  3437 | D:4      | Lost mutation: You are very robust. (+20% HP) [potion of
                  | mutation]
  3494 | D:5      | Entered Level 5 of the Dungeon
  3582 | D:5      | Reached skill level 8 in Axes
  3582 | D:5      | Reached XP level 7. HP: 34/66 MP: 7/7
  3816 | D:5      | Reached skill level 9 in Axes
  3918 | D:5      | Reached skill level 5 in Fighting
  3937 | D:5      | Found a staircase to the Ecumenical Temple.
  4048 | D:5      | Noticed Dowan
  4057 | D:5      | Killed Dowan
  4090 | Temple   | Entered the Ecumenical Temple
  4115 | Temple   | Became a worshipper of Kikubaaqudgha
  4262 | D:5      | Noticed Duvessa
  4611 | D:6      | Reached XP level 8. HP: 73/74 MP: 8/8
  4973 | D:6      | Identified the +1 ring mail of Generosity {-Tele +Inv rC+
                  | rCorr}
  4986 | D:6      | Reached skill level 10 in Axes
  5001 | D:6      | Reached skill level 5 in Armour
  5280 | D:6      | Found a shimmering altar of Xom.
  6192 | D:6      | Reached skill level 11 in Axes
  6610 | D:7      | Reached XP level 9. HP: 76/82 MP: 9/9
  6697 | D:7      | Reached skill level 12 in Axes
  6964 | D:7      | Reached skill level 1 in Necromancy
  7268 | D:7      | Reached * piety under Kikubaaqudgha
  7268 | D:7      | Received a gift from Kikubaaqudgha
  7274 | D:7      | Reached skill level 1 in Spellcasting
  7465 | D:7      | Reached skill level 13 in Axes
  7600 | D:7      | Noticed a cyclops
  7619 | D:7      | Killed a cyclops
  7891 | D:8      | Reached XP level 10. HP: 74/92 MP: 12/12
  8619 | D:8      | Found a staircase to the Lair.
  8637 | D:8      | Reached skill level 14 in Axes
  8637 | D:8      | Reached skill level 5 in Shields
  9304 | D:9      | Reached ** piety under Kikubaaqudgha
 10081 | D:9      | Noticed a two-headed ogre
 10099 | D:9      | Killed a two-headed ogre
 10263 | D:9      | Reached skill level 15 in Axes
 10836 | D:10     | Entered Level 10 of the Dungeon
 10851 | D:10     | Noticed Maggie
 10867 | D:9      | Reached XP level 11. HP: 73/103 MP: 15/15
 11107 | D:10     | Found a transporter.
 11107 | D:10     | Found a transporter.
 12003 | D:10     | Found a transporter.
 12005 | D:10     | Found a transporter.
 12120 | D:10     | HP: 3/103 [constriction (8)]
 12401 | D:10     | Found a transporter.
 12405 | D:10     | Found a transporter.
 12437 | D:10     | Killed Maggie
 12586 | D:11     | Noticed a boulder beetle
 12660 | D:11     | HP: 3/103 [boulder beetle (17)]
 12661 | D:11     | Mangled by a boulder beetle

Illustrated notes

Levels and vault maps discovered:
D:1:      lemuel_arrival_rhombus, layout_rooms
D:2:      layout_loops_cross, serial_shops, shop_statue, shop_statue,
          nicolae_shop_advertising_works [nicolae_subvault_shop_adworks],
          nicolae_shop_statue_plus, shop
D:3:      layout_basic, old_standard_altar,
          dreamdust_ecumenical_altar_hidden_monk_grotto
D:4:      layout_rooms
D:5:      layout_rooms, temple_doors_e, uniq_duvessa
D:6:      layout_loops_ring, old_standard_altar
D:7:      layout_rooms, chequers_serial_rivers_room_b, nzn_random_ring
D:8:      layout_basic, david_lair_shrubbed
D:9:      layout_loops_corners
D:10:     layout_loops_ring, grunt_ministairs_1, serial_nicolae_subway,
          nicolae_sub_station_crystal, nicolae_sub_station_stone,
          nicolae_sub_station_metal, uniq_maggie
D:11:     layout_basic, orc_david_3, special_room [special_room_orc],
          kennysheep_crisscross
Temple:   nicolae_temple_bog_church

Skill      XL: |  1  2  3  4  5  6  7  8  9 10 11 |
---------------+----------------------------------+-----
Axes           | 3 4 5 6 8 9 11 13 15 | 15.6
Fighting       | 4 5 6 7 8 |  8.1
Armour         | 4 5 6 8 |  8.3
Shields        | 4 5 |  5.3
Necromancy     | 2 4 |  4.3
Spellcasting   | 1 3 |  3.3

Action                   |  1- 3 |  4- 6 |  7- 9 | 10-12 || total
-------------------------+-------+-------+-------+-------++-------
Melee: War axe           |   114 |   188 |   287 |   352 ||   941
Evoke: Wand              |       |       |       |    10 ||    10
  Use: Scroll            |       |     9 |     7 |     5 ||    21
       Potion            |       |     3 |     1 |     5 ||     9
Armor: Scale mail        |    68 |    99 |       |       ||   167
       Chain mail        |       |    28 |   157 |   131 ||   316
Dodge: Dodged            |    54 |    97 |    79 |    83 ||   313
Block: Buckler           |    24 |    37 |    46 |    65 ||   172

Table legend: (Time is in decaauts)
 A = Elapsed time spent in this place.
 B = Non-inter-level travel time spent in this place.
 C = Inter-level travel time spent in this place.
 D = Time resting spent in this place.
 E = Time spent auto-exploring this place.
 F = Levels seen in this place.
 G = Mean time per level.
                   A        B        C        D        E       F      G
               +--------+--------+--------+--------+--------+-----+--------+
         Total |  12678 |  12183 |    495 |   4092 |   6131 |  12 | 1056.5 |
       Dungeon |  12509 |  12038 |    471 |   4092 |   5999 |  11 | 1137.2 |
        Temple |    169 |    145 |     24 |      0 |    131 |   1 |  169.0 |
               +--------+--------+--------+--------+--------+-----+--------+

Top non-repeatable levels by time:
     D:9: 1754 daAuts
     D:7: 1741 daAuts
    D:10: 1442 daAuts
     D:6: 1426 daAuts
     D:8: 1423 daAuts
     D:1: 1063 daAuts
     D:5: 1040 daAuts
     D:3: 921 daAuts
     D:4: 824 daAuts
     D:2: 761 daAuts
  Temple: 169 daAuts
    D:11: 110 daAuts
